 Dungeon Crawl Stone Soup version 0.30-a0-996-ga6910c8ee8 (webtiles) character file.

Game seed: 6496102309030164305

74116 EonDragon20 the Frost Mage (level 15, 0/141 HPs)
             Began as a Merfolk Transmuter on Apr 4, 2023.
             Was the Champion of Sif Muna.
             Killed from afar by a shock serpent (18 damage)
             ... with a bolt of electricity
             ... on level 1 of the Snake Pit on Apr 5, 2023.
             The game lasted 02:42:35 (24990 turns).

EonDragon20 the Frost Mage (Merfolk Transmuter)    Turns: 24990, Time: 02:42:36

Health: 0/141      AC: 10    Str: 13    XL:     15   Next: 45%
Magic:  16/28      EV: 15    Int: 17    God:    Sif Muna [******]
Gold:   75         SH:  0    Dex: 15    Spells: 1/33 levels left

rFire   x . .      SeeInvis +      - Unarmed
rCold   + + +      Faith    .    (shield currently unavailable)
rNeg    . . .      Spirit   .    a - melded +2 robe
rPois   +          Reflect  .    m - melded +2 helmet
rElec   .          Rampage  .    (cloak currently unavailable)
rCorr   .                        o - melded +1 Delatra's gloves {ID++}
Will    +....                    (boots currently unavailable)
Stlth   +                        x - amulet of magic regeneration
HPRegen 0.43/turn                p - ring of protection from cold
MPRegen 0.61/turn                g - ring of see invisible

@: ice-form, very slightly contaminated
A: freezing attack, boosted hp, large, (nimble swimmer 2), (mertail)
a: End Transformation, Renounce Religion, Channel Magic, Forget Spell, Divine
Exegesis


You were on level 1 of the Snake Pit.
You worshipped Sif Muna.
Sif Muna was exalted by your worship.
You were a creature of crystalline ice.
You visited 5 branches of the dungeon, and saw 21 of its levels.
You also visited: Bailey and Ice Cave.

You collected 2239 gold pieces.
You spent 2164 gold pieces at shops.

Inventory:

Missiles
 c - 2 throwing nets
Armour
 a - a +2 robe (melded)
 m - a +2 helmet (melded)
 o - the +1 Delatra's gloves (melded) {ID++}
   (You found it on level 4 of the Dungeon)

   ID++:      It heals its wearer when they drink unknown potions, and restores
   their MP when they read unknown scrolls.
 q - a scarf of harm
Jewellery
 g - a ring of see invisible (right front paw)
 p - a ring of protection from cold (left front paw)
 r - an amulet of guardian spirit
 s - a ring of magical power
 u - a ring of poison resistance
 w - an amulet of the acrobat
 x - an amulet of magic regeneration (around neck)
 y - a ring of wizardry
 C - a +6 ring of strength
 G - a ring of resist corrosion
 L - a +6 ring of strength
 Q - a +5 ring of evasion
 S - an amulet of faith
Wands
 k - a wand of quicksilver (7)
 l - a wand of mindburst (3)
 N - a wand of iceblast (3)
 O - a wand of flame (4)
Scrolls
 e - 4 scrolls of enchant weapon
 f - a scroll of fog
 n - 4 scrolls of teleportation
 v - 2 scrolls of enchant armour
 B - 2 scrolls of fear
 D - 3 scrolls of blinking
 F - a scroll of amnesia
 J - 2 scrolls of poison
 P - 3 scrolls of identify
Potions
 b - 4 potions of lignification
 d - 8 potions of attraction
 h - 6 potions of might
 i - 6 potions of mutation
 j - 3 potions of resistance
 t - 3 potions of cancellation
 z - 3 potions of flight {unknown}
 A - 4 potions of brilliance
 E - 2 potions of curing
 H - 2 potions of heal wounds
 I - 2 potions of ambrosia {unknown}
 K - a potion of magic {unknown}
 M - 2 potions of haste
 R - 2 potions of berserk rage {unknown}
 T - a potion of invisibility {unknown}


   Skills:
 - Level 11.1 Fighting
 - Level 11.8 Dodging
 + Level 9.1 Unarmed Combat
 - Level 9.5 Spellcasting
 - Level 8.0 Conjurations
 * Level 8.9 Transmutations
 - Level 14.9 Ice Magic
 - Level 8.0 Air Magic
 - Level 1.9 Poison Magic


You had one spell level left.
You knew the following spells:

 Your Spells              Type           Power      Damage    Failure   Level
a - Beastly Appendage     Tmut           76%        N/A       1%          1
b - Wereblood             Tmut           38%        N/A       1%          2
c - Spider Form           Tmut/Pois      26%        N/A       3%          3
d - Ice Form              Ice/Tmut       48%        N/A       1%          4
e - Freezing Cloud        Conj/Ice/Air   21%        6-21      3%          5
f - Hailstorm             Conj/Ice       47%        3d11      1%          3
g - Ozocubu's Refrigerat  Ice            28%        4d13      16%         7
h - Dragon Form           Tmut           19%        N/A       89%         7

Your spell library contained the following spells:

 Spells                   Type           Power      Damage    Failure   Level
 Foxfire                  Conj/Fire      84%        2x1d8     1%          1
 Magic Dart               Conj           100%       1d8       1%          1
 Apportation              Tloc           16%        N/A       9%          1
 Poisonous Vapours        Pois/Air       50%        N/A       1%          2
 Static Discharge         Conj/Air       70%        2-5/arc   1%          2
 Ozocubu's Armour         Ice            56%        N/A       1%          3
 Momentum Strike          Conj/Tloc      42%        3d9       2%          2
 Mephitic Cloud           Conj/Pois/Air  28%        N/A       2%          3
 Cigotuvi's Dreadful Rot  Necr/Pois/Air  38%        N/A       3%          2
 Dazzling Flash           Conj/Hex       42%        N/A       5%          3
 Ignite Poison            Fire/Tmut/Pois 20%        N/A       6%          3
 Irradiate                Conj/Tmut      18%        3d17      8%          5
 Kindle Blastsparks       Fire/Tloc/Air  34%        2d12      9%          3
 Blink                    Tloc           16%        N/A       14%         2
 Call Imp                 Summ           8%         N/A       14%         2
 Lesser Beckoning         Tloc           16%        N/A       14%         2
 Flame Wave               Conj/Fire      21%        2d8       17%         4
 Fulminant Prism          Conj/Hex       10%        3d8       17%         4
 Sticky Flame             Conj/Fire      21%        2d4       17%         4
 Alistair's Intoxication  Tmut/Pois      17%        N/A       26%         5
 Yara's Violent Unravell  Hex/Tmut       11%        3d6       36%         5
 Fireball                 Conj/Fire      10%        3d6       43%         5
 Conjure Ball Lightning   Conj/Air       17%        3x3d6     45%         6
 Simulacrum               Ice/Necr       16%        N/A       54%         6
 Statue Form              Tmut/Erth      15%        N/A       91%         6
 Summon Forest            Summ/Tloc      4%         N/A       94%         5
 Summon Mana Viper        Hex/Summ       8%         N/A       94%         5
 Summon Cactus Giant      Summ           4%         N/A       100%        6
 Monstrous Menagerie      Summ           4%         N/A       100%        7
 Spellforged Servitor     Conj/Summ      10%        N/A       100%        7
 Lehudib's Crystal Spear  Conj/Erth      10%        10d4      100%        8
 Necromutation            Tmut/Necr      11%        N/A       100%        8
 Chain Lightning          Conj/Air       17%        3d23      100%        9
 Polar Vortex             Ice            28%        N/A       100%        9


Dungeon Overview and Level Annotations

Branches:
Dungeon (12/15)            Temple (0/1) D:7            Lair (5/5) D:9
  Swamp (1/4) Lair:2        Snake (1/4) Lair:3        Slime (0/5) Lair:5
    Orc (2/2) D:12         Bailey (visited)           IceCv (visited)
    Elf: Orc:2

Altars:
Gozag
Hepliaklqana
Kikubaaqudgha
Okawaru
Sif Muna
Xom
Zin
The Shining One
Jiyva

Shops:
D:7 =   D:9 =:   D:10 (

Portals:
Trove: D:11 (give 8 scrolls of fear)

Annotations:
D:11 exclusions: guardian mummy, vampire mosquito and 1 more exclusion
Lair:5 1 runed translucent door
Snake:1 1 runed translucent door, Saojabem's ghost, adept MiBe


Innate Abilities, Weirdness & Mutations

You are a creature of crystalline ice.
You have a powerful freezing melee attack.
Your maximum health is increased.
Your armour is entirely melded.
You are incapable of wielding weapons or throwing items.
((You are very nimble when in or above water. (Stealth+, EV+, Speed+++)))
((Your lower body shifts to a powerful aquatic tail in water.))


Message History

Aiming: Freezing Cloud (dangerous; 3% risk of failure)
Press: ? - help, Dir - move target
Okay, then.
Casting: Freezing Cloud (dangerous; 3% risk of failure)
Confirm with . or Enter, or press ? or * to list all spells.
You turn into a creature of crystalline ice.
Your +2 helmet melds into your body.
The +1 Delatra's gloves {ID++} melds into your body.
Your +2 robe melds into your body.
Unknown command.
Casting: Ice Form (mildly dangerous; 1% risk of failure)
Confirm with . or Enter, or press ? or * to list all spells.
Aiming: Freezing Cloud (mildly dangerous; 3% risk of failure)
Press: ? - help, Dir - move target That beam is likely to hit you.
Continue anyway?
You miscast Freezing Cloud.
You are very lightly contaminated with residual magic.
You feel a strange surge of energy! The shock serpent bites you!
* * * LOW HITPOINT WARNING * * *
The shock serpent shocks you!
* * * LOW HITPOINT WARNING * * *
The shock serpent bites you but does no damage.
Casting: Freezing Cloud (mildly dangerous; 3% risk of failure)
Confirm with . or Enter, or press ? or * to list all spells.
Aiming: Freezing Cloud (mildly dangerous; 3% risk of failure)
Press: ? - help, Dir - move target That beam is likely to hit you.
Continue anyway?
The shock serpent is engulfed in freezing vapours.
The shock serpent misses you.
The shock serpent's electric aura discharges, shocking you!
* * * LOW HITPOINT WARNING * * *
You punch the shock serpent!
The shock serpent seems to slow down.
You freeze the shock serpent.
The shock serpent is moderately wounded.
The shock serpent's electric aura discharges, shocking you!
* * * LOW HITPOINT WARNING * * *
The shock serpent is engulfed in freezing vapours.
The shock serpent shoots out a bolt of lightning at you!
The bolt of electricity hits you!!
You die...

###########################
#..........................
#..........................
#........<.................
#..........................
#.........§................
#..........§§§§............
#.........YS§§.............
#########'#########.....###
#######.##########.)..###
................##.......
................##.......
................##.......
.....(..........##.......
......####......#####+###
......####.......###


You could see a shock serpent (slow).

Vanquished Creatures
  Kirke (Lair:3)
  A bunyip (Swamp:1)
  Harold (D:9)
  Fannar (D:11)
  2 catoblepae (Lair:3)
  9 hydras
  2 two-headed ogres (D:11)
  A tengu warrior (D:11)
  Urug (Lair:5)
  10 death yaks
  2 skysharks
  Sonja (D:12)
  Amaemon (Lair:2)
  A skeletal warrior (D:12)
  Lodul (D:11)
  A mana viper (Snake:1)
  A wolf spider (Lair:4)
  An ugly thing (IceCv)
  An orc sorcerer (Orc:2)
  A manticore (D:12)
  4 cyclopes
  8 black mambas
  14 elephants
  A salamander (Lair:3)
  An ice statue (D:9)
  A naga mage (Snake:1)
  A molten gargoyle (Lair:5)
  7 gargoyles
  8 rime drakes
  13 cane toads
  An orange demon (Lair:2)
  A kobold demonologist (D:11)
  12 komodo dragons
  A yaktaur (D:8)
  A guardian mummy (D:11)
  A tengu conjurer (D:11)
  8 trolls
  7 polar bears
  2 tyrant leeches (Swamp:1)
  2 hornets (Lair:4)
  7 blink frogs (Lair:3)
  6 dream sheep (Lair:5)
  A shadow (D:11)
  2 slime creatures (D:12)
  4 hogs (Lair:3)
  6 wraiths
  7 basilisks
  31 yaks
  Sigmund (D:4)
  15 wyverns
  A steam dragon (D:8)
  8 vampire mosquitoes
  2 swamp worms
  2 nagas (Snake:1)
  3 acid dragons
  18 water moccasins
  13 orc warriors
  A sky beast (D:8)
  An ice beast (D:8)
  2 black bears
  A boggart (D:12)
  11 ogres
  8 wolves
  5 centaurs
  8 kobold brigands
  9 bullfrogs
  2 gnoll sergeants
  7 scorpions
  3 wights (D:8)
  39 killer bees
  10 howler monkeys
  2 electric eels
  3 lava snakes
  2 quasits (D:6)
  A jelly (D:5)
  11 orc priests
  4 iguanas
  3 sleepcaps
  Natasha (thrice) (D:4)
  13 orc wizards
  9 hell rats (Lair:3)
  15 adders
  7 gnolls
  9 shadow imps
  7 white imps
  10 ufetubi (D:6)
  5 worms
  70 orcs
  12 bats
  5 endoplasms
  7 hobgoblins
  2 jackals (D:4)
  27 kobolds
  5 quokkas
  7 ball pythons
  8 goblins
  6 rats
  A spectral hobgoblin (D:2)
622 creatures vanquished.

Vanquished Creatures (others)
  A polar bear (IceCv)
  A human (Lair:3)
  A bush (Lair:3)
  5 demonic plants (D:6)
  2 foxfires (Swamp:1)
  90 fungi
  157 plants
257 creatures vanquished.

Grand Total: 879 creatures vanquished

Notes
Turn   | Place    | Note
-------+----------+-------------------------------------------
     0 | D:1      | EonDragon20 the Merfolk Transmuter began the quest for the
                  | Orb.
     0 | D:1      | Reached XP level 1. HP: 15/15 MP: 3/3
   180 | D:1      | Reached XP level 2. HP: 21/21 MP: 3/5
   183 | D:1      | Learned a level 2 spell: Wereblood
   950 | D:1      | Reached XP level 3. HP: 19/26 MP: 4/6
  1186 | D:2      | Reached XP level 4. HP: 33/33 MP: 5/7
  1190 | D:2      | Learned a level 3 spell: Spider Form
  1274 | D:2      | Found a faded altar of an unknown god.
  1597 | D:2      | Reached skill level 1 in Poison Magic
  1625 | D:2      | Noticed a black bear
  1643 | D:2      | Killed a black bear
  1644 | D:2      | Reached XP level 5. HP: 12/39 MP: 5/9
  2055 | D:3      | Reached skill level 5 in Transmutations
  2101 | D:3      | Reached XP level 6. HP: 46/46 MP: 8/10
  2106 | D:3      | Learned a level 4 spell: Ice Form
  3000 | D:4      | Noticed an orc warrior
  3137 | D:4      | Noticed Sigmund
  3147 | D:4      | Killed Sigmund
  3148 | D:4      | Reached skill level 1 in Ice Magic
  3456 | D:4      | Reached XP level 7. HP: 48/52 MP: 4/11
  3505 | D:3      | Reached skill level 2 in Ice Magic
  3726 | D:4      | Noticed Natasha
  3731 | D:4      | Killed Natasha
  3859 | D:4      | Noticed Natasha
  3872 | D:4      | Killed Natasha
  4005 | D:4      | Noticed Natasha
  4013 | D:4      | Killed Natasha
  4107 | D:4      | Reached skill level 3 in Ice Magic
  4110 | D:4      | Reached skill level 5 in Unarmed Combat
  4463 | D:4      | Found the +1 Delatra's gloves {ID++}
  4580 | D:4      | Reached XP level 8. HP: 51/60 MP: 9/13
  4843 | D:5      | Entered Level 5 of the Dungeon
  5182 | D:5      | Reached skill level 4 in Ice Magic
  5905 | D:6      | Reached skill level 5 in Ice Magic
  5996 | D:6      | Noticed a yak
  5996 | D:6      | Noticed a yak
  5997 | D:6      | Noticed a yak
  6036 | D:6      | Killed a yak
  6037 | D:6      | Reached XP level 9. HP: 39/66 MP: 7/15
  6182 | D:6      | Learned a level 5 spell: Freezing Cloud
  6258 | D:6      | Found an ancient bone altar of Kikubaaqudgha.
  6522 | D:6      | Reached skill level 1 in Conjurations
  6527 | D:6      | Reached skill level 1 in Air Magic
  6765 | D:6      | Reached skill level 5 in Fighting
  6962 | D:7      | Found a staircase to the Ecumenical Temple.
  7036 | D:7      | Found a flagged portal.
  7045 | Bailey   | Entered a bailey
  7087 | Bailey   | Reached skill level 6 in Ice Magic
  8032 | D:7      | Found Otuum's Jewellery Emporium.
  8039 | D:7      | Bought an amulet of magic regeneration for 300 gold pieces
  8039 | D:7      | Bought a ring of wizardry for 300 gold pieces
  8248 | D:8      | Found a shimmering blue altar of Sif Muna.
  8255 | D:8      | Became a worshipper of Sif Muna the Loreminder
  8394 | D:8      | Found a shimmering altar of Xom.
  8395 | D:8      | Found a hazy altar of Hepliaklqana.
  8396 | D:8      | Noticed a spectral ugly thing
  8477 | D:8      | Found an opulent altar of Gozag.
  8478 | D:8      | Found a glowing silver altar of Zin.
  8710 | D:8      | Reached skill level 5 in Spellcasting
  8742 | D:8      | Reached skill level 7 in Ice Magic
  8742 | D:8      | Reached XP level 10. HP: 76/76 MP: 17/17
  9574 | D:8      | Reached * piety under Sif Muna
  9968 | D:9      | Noticed Harold
  9969 | D:9      | Found a staircase to the Lair.
  9980 | D:9      | Killed Harold
  9981 | D:9      | Reached skill level 8 in Ice Magic
 10186 | D:9      | Found Biodaes's Jewellery Shop.
 10198 | D:9      | HP: 4/92 [orc priest/divine providence (11)]
 11076 | D:9      | Bought a ring of see invisible for 210 gold pieces
 11182 | D:9      | Reached XP level 11. HP: 83/83 MP: 16/19
 11191 | D:9      | Reached skill level 5 in Conjurations
 11222 | D:9      | Reached skill level 5 in Air Magic
 11528 | D:9      | Found Evehuch's Tremendous Tomes.
 11881 | Lair:1   | Entered Level 1 of the Lair of Beasts
 11978 | Lair:1   | Reached ** piety under Sif Muna
 12063 | Lair:1   | Reached skill level 9 in Ice Magic
 13563 | Lair:2   | Noticed a six-headed hydra
 13571 | Lair:2   | Killed a six-headed hydra
 13783 | Lair:2   | You fall into a shaft and drop 2 floors!
 13799 | Lair:4   | Reached skill level 10 in Ice Magic
 13799 | Lair:4   | Reached *** piety under Sif Muna
 13901 | Lair:4   | Reached XP level 12. HP: 85/91 MP: 19/21
 14073 | Lair:4   | Paralysed by a hornet for 3 turns
 14285 | Lair:3   | Noticed a catoblepas
 14295 | Lair:3   | Killed a catoblepas
 14569 | Lair:4   | HP: 2/110 [black mamba (14)]
 14790 | Lair:4   | Noticed a four-headed hydra
 14798 | Lair:4   | Killed a four-headed hydra
 14799 | Lair:4   | Reached skill level 11 in Ice Magic
 14927 | Lair:3   | Identified the +1 ring mail "Hitiramu" {Str+2}
 14962 | Lair:2   | Noticed Amaemon
 14975 | Lair:2   | Killed Amaemon
 15125 | Lair:2   | Noticed a four-headed hydra
 15132 | Lair:2   | Killed a four-headed hydra
 15166 | Lair:2   | Noticed a four-headed hydra
 15179 | Lair:2   | Killed a four-headed hydra
 15211 | Lair:2   | Learned a level 3 spell: Hailstorm
 15317 | Lair:2   | Found a staircase to the Swamp.
 15623 | Lair:3   | Noticed Kirke
 15632 | Lair:3   | Noticed a six-headed hydra
 15633 | Lair:3   | Noticed a sphinx
 15633 | Lair:3   | Killed Kirke
 15634 | Lair:3   | Reached XP level 13. HP: 99/99 MP: 16/24
 15733 | Lair:3   | Reached **** piety under Sif Muna
 15802 | Lair:3   | Reached skill level 12 in Ice Magic
 15849 | Lair:3   | Found a staircase to the Snake Pit.
 16408 | Lair:3   | Reached skill level 5 in Dodging
 17326 | Lair:4   | Reached ***** piety under Sif Muna
 17355 | Lair:4   | Identified the +1 leather armour of Ybluhy Enoh {-Tele
                  | Regen+ Str+5}
 17856 | Lair:4   | Learned a level 7 spell: Ozocubu's Refrigeration
 17857 | Lair:5   | Entered Level 5 of the Lair of Beasts
 17857 | Lair:5   | Found a viscous altar of Jiyva.
 17857 | Lair:5   | Found a staircase to the Slime Pits.
 17889 | Lair:5   | Reached skill level 13 in Ice Magic
 17927 | Lair:5   | Reached XP level 14. HP: 109/109 MP: 26/26
 17956 | Lair:5   | Noticed Urug
 17966 | Lair:5   | Killed Urug
 18215 | Lair:5   | Received a gift from Sif Muna
 18216 | Lair:5   | Got Sif Muna's Omnibus of Baleful Fire {god gift}
 18446 | Lair:5   | Reached skill level 10 in Fighting
 19126 | Lair:5   | Found a large runed translucent door.
 19256 | D:10     | Entered Level 10 of the Dungeon
 19299 | D:10     | Found an iron altar of Okawaru.
 19715 | D:10     | Identified the +3 rapier of Deflation {heavy, rPois rCorr
                  | Dex-3}
 19781 | D:10     | Found Nin Uge's Antique Weapon Emporium.
 20378 | D:10     | Identified a scroll of acquirement
 20378 | D:10     | Acquired a book of Vapours
 20405 | D:11     | Received a gift from Sif Muna
 20406 | D:11     | Reached skill level 14 in Ice Magic
 20406 | D:11     | Got Sif Muna's Quarto of Mighty Embers {god gift}
 20550 | D:11     | Noticed Lodul
 20573 | D:11     | Killed Lodul
 20715 | D:11     | Found a portal to a secret trove of treasure.
 20876 | D:11     | Reached skill level 10 in Dodging
 21457 | D:11     | Found a glowing golden altar of the Shining One.
 21579 | D:11     | Noticed Fannar
 21604 | D:11     | Killed Fannar
 21942 | D:12     | Noticed Sonja
 21949 | D:12     | Killed Sonja
 22031 | D:12     | Reached XP level 15. HP: 117/117 MP: 19/28
 22462 | D:12     | Found the +6 shillelagh "Devastator" {shatter}
 22481 | D:12     | Found a staircase to the Orcish Mines.
 22492 | Orc:1    | Entered Level 1 of the Orcish Mines
 22535 | Orc:1    | Found a frozen archway.
 22571 | IceCv    | Entered an ice cave
 22910 | IceCv    | Noticed a frost giant
 23363 | Orc:2    | Entered Level 2 of the Orcish Mines
 23761 | D:9      | Bought Sif Muna's Volume of Feathery Permutations for 1354
                  | gold pieces
 23772 | D:9      | Learned a level 7 spell: Dragon Form
 23953 | Swamp:1  | Entered Level 1 of the Swamp
 23953 | Swamp:1  | Found a shimmering blue altar of Sif Muna.
 24070 | Swamp:1  | Reached ****** piety under Sif Muna
 24070 | Swamp:1  | Received a gift from Sif Muna
 24077 | Swamp:1  | Got Sif Muna's Vademecum on Convocation and Fever {god
                  | gift}
 24424 | Snake:1  | Entered Level 1 of the Snake Pit
 24583 | Snake:1  | Found a runed translucent door.
 24591 | Snake:1  | Noticed Saojabem's ghost (adept MiBe)
 24990 | Snake:1  | Killed from afar by a shock serpent

Illustrated notes

Levels and vault maps discovered:
D:1:      zelgadis_glass_arrival_small, layout_loops_ring,
          minmay_misc_feat_plants
D:2:      layout_loops_corners, dreamdust_ecumenical_altar_drowned_temple
D:3:      layout_basic
D:4:      layout_basic, pf_guarded_unrand_delatra, uniq_sigmund, uniq_natasha
D:5:      layout_loops_ring
D:6:      layout_loops_ring, overflow_temple_1_default, serial_demonic,
          serial_demonic_f, serial_demonic_e, serial_demonic_g,
          serial_demonic_f, serial_demonic_f, serial_demonic_d,
          serial_demonic_f, serial_demonic_d, serial_demonic_d,
          serial_demonic_c, fountainhead, kennysheep_path_1
D:7:      layout_loops_ring, minmay_temple_entry_from_below_b, enter_bailey_2,
          enter_ossuary_2, serial_shops, shop
D:8:      layout_basic, grunt_temple_overflow_gold_and_silver,
          regret_index_temple_of_mockery, mainiacjoe_overflow_catwalk,
          nzn_random_ring
D:9:      layout_long_grid, due_lair_maze_entry_diamond, serial_shops,
          nicolae_stop_n_shop_1, nicolae_shop_i_like_big_books, minmay_holes,
          minmay_statues_item, minivault_16, nicolae_nh_ransacked_shop,
          uniq_harold
D:10:     layout_loops_cross, okawaru_ov_weapons_minmay, serial_shops, shop,
          hellmonk_bongcloud_opening, roderic_batcave, minivault_25_ag
D:11:     cheibrodos_statue_roulette, layout_basic,
          nicolae_trove_entry_path_of_doom, serial_shops, shop, st_stairs_2,
          nicolae_tso_swordbearing_angel, uniq_fannar, uniq_lodul
D:12:     layout_rooms, orc_0_dummy, minmay_fractal_squares_diagonal_5,
          uniq_sonja
Lair:1:   wad_woods_minihive, layout_loops_ring
Lair:2:   layout_chaotic_city, palyth_hydra_swamp_entry, uniq_amaemon
Lair:3:   layout_misc_corridors, nicolae_snake_entry_warm_welcome, special_room
          [special_room_mythical_zoo], uniq_kirke
Lair:4:   minmay_lair_venomous_thicket, layout_misc_corridors
Lair:5:   cheibrodos_lair_end_hotspot, layout_gridlike, slime_entry_1,
          serial_bayou_lagoon_b, uniq_urug
Swamp:1:  layout_basic_swamp, ebering_ghost_rock_garden,
          evilmike_swamp_ruin_rubble_2, lemuel_altar_in_water2
Snake:1:  layout_grid_maze, ebering_ghost_reflecting_pool, nicolae_integral_box
Orc:1:    layout_caves, portal_ice_cave_entry_pillars_1, basic_altar
Orc:2:    pf_orc_diabolical, layout_diamond_mine, enter_volcano_3,
          uniq_josephine

Skill      XL: |  1  2  3  4  5  6  7  8  9 10 11 12 13 14 15 |
---------------+----------------------------------------------+-----
Transmutations | 3 4 5 6 8 |  8.9
Fighting       | 2 3 4 5 6 7 8 9 10 11 | 11.1
Unarmed Combat | 4 5 7 8 9 |  9.1
Poison Magic   | 1 |  1.9
Spellcasting   | 3 4 5 6 7 8 9 |  9.5
Ice Magic      | 1 3 5 7 8 10 11 13 14 | 14.9
Conjurations   | 3 4 6 7 8 |  8.0
Air Magic      | 3 4 6 7 8 |  8.0
Dodging        | 7 10 11 | 11.8

Action                     |  1- 3 |  4- 6 |  7- 9 | 10-12 | 13-15 || total
---------------------------+-------+-------+-------+-------+-------++-------
  Melee: Unarmed           |    65 |   147 |   340 |   340 |   466 ||  1358
         Headbutt          |    10 |    22 |     1 |       |       ||    33
         Punch             |     1 |     3 |       |       |       ||     4
         Tailslap          |       |     2 |     2 |       |       ||     4
   Cast: Beastly Appendage |    13 |    17 |     2 |       |       ||    32
         Spider Form       |       |     6 |    16 |     1 |       ||    23
         Ice Form          |       |       |    32 |    60 |    72 ||   164
         Wereblood         |       |       |     2 |     1 |       ||     3
         Freezing Cloud    |       |       |     1 |    67 |   160 ||   228
         Hailstorm         |       |       |       |       |     5 ||     5
         Ozocubu's Refrige |       |       |       |       |     4 ||     4
 Invoke: Channel Magic     |       |       |       |     1 |       ||     1
Ability: End Transformatio |       |       |       |     1 |     5 ||     6
  Evoke: Wand              |       |       |       |     1 |     5 ||     6
    Use: Scroll            |     3 |     6 |    14 |    11 |     3 ||    37
         Potion            |       |     1 |     1 |     8 |       ||    10
   Stab: Sleeping          |       |     2 |       |       |     1 ||     3
         Distracted        |       |       |     1 |     1 |       ||     2
 Armour: Robe              |     4 |    13 |     9 |     1 |     6 ||    33
         Skin              |       |     5 |    95 |   132 |   120 ||   352
  Dodge: Dodged            |    29 |   110 |   208 |   184 |   268 ||   799

Table legend: (Time is in decaauts)
 A = Elapsed time spent in this place.
 B = Non-inter-level travel time spent in this place.
 C = Inter-level travel time spent in this place.
 D = Time resting spent in this place.
 E = Time spent auto-exploring this place.
 F = Levels seen in this place.
 G = Mean time per level.
                   A        B        C        D        E       F      G
               +--------+--------+--------+--------+--------+-----+--------+
         Total |  24767 |  23440 |   1327 |   8204 |     26 |  23 | 1076.8 |
       Dungeon |  14897 |  13963 |    934 |   4380 |     26 |  12 | 1241.4 |
          Lair |   7625 |   7288 |    337 |   3171 |      0 |   5 | 1525.0 |
         Swamp |    183 |    183 |      0 |     88 |      0 |   1 |  183.0 |
     Snake Pit |    561 |    523 |     38 |     32 |      0 |   1 |  561.0 |
  Orcish Mines |    748 |    731 |     17 |    175 |      0 |   2 |  374.0 |
        Bailey |    338 |    338 |      0 |    181 |      0 |   1 |  338.0 |
      Ice Cave |    413 |    413 |      0 |    177 |      0 |   1 |  413.0 |
               +--------+--------+--------+--------+--------+-----+--------+

Top non-repeatable levels by time:
     D:8: 2466 daAuts
    D:11: 1989 daAuts
  Lair:3: 1896 daAuts
  Lair:1: 1672 daAuts
  Lair:4: 1551 daAuts
     D:4: 1427 daAuts
     D:3: 1369 daAuts
     D:7: 1297 daAuts
  Lair:5: 1282 daAuts
     D:2: 1265 daAuts
     D:6: 1252 daAuts
  Lair:2: 1222 daAuts
     D:9: 1069 daAuts
     D:1: 746 daAuts
    D:10: 703 daAuts
